cohdb
Replays
Latest Replays
All Replays
Popular Replays
Top Player Replays
Match Explorer
How It Works
Community
CoH3 Stats
Reddit
Sign in to upload your games and track your stats! →
Sign in with Steam
Match 27691511
Unlisted
Match 27691511
Overview
Messages
Build Orders
End
Construct Barracks
Scout Squad
Riflemen Squad
Riflemen Squad
M1 Mortar Team
Riflemen Squad
Grenade Package
Construct Medical Station
Infantry Support Center
Selects Airborne Battlegroup
Selects Pathfinders
Selects Paratrooper Squad Paradrop
Construct Motor Pool
Selects Pathfinders
Selects Paratrooper Squad Paradrop
Paratrooper Squad Paradrop
M1 Anti-tank Gun Team
M1 Anti-tank Gun Team
M1918 Browning Automatic Rifles
Paratrooper Squad Paradrop
Construct Weapon Support Center
Sniper
M1 Anti-tank Gun Team
M1 Anti-tank Gun Team
Sniper
Paratrooper Squad Paradrop
Videocutter | Dangi
darkkillerman
DIV 250 BigBoss
^3
0
0
Comments
sign in to comment!
No comments posted yet!